 Dungeon Crawl Stone Soup version 0.18-a0-1312-gf98331d (webtiles) character file.

110 Grimpse the Chopper (level 4, -7/39 HPs)
             Began as a Minotaur Berserker on Feb 15, 2016.
             Was a Priest of Trog.
             Mangled by a gnoll
             ... wielding a cursed +0 whip
              (8 damage)
             ... on level 3 of the Dungeon.
             The game lasted 00:02:44 (2081 turns).

Grimpse the Chopper (Minotaur Berserker)            Turns: 2081, Time: 00:02:44

Health: -7/39      AC:  2    Str: 22    XL:     4   Next: 61%
Magic:  3/3        EV: 12    Int:  4    God:    Trog [***...]
Gold:   104        SH:  0    Dex: 10    Spells: 0 memorised, 3 levels left

rFire  . . .     SeeInvis .     a - +0 hand axe
rCold  . . .     Gourm    .     b - +0 animal skin
rNeg   . . .     Faith    .     (no shield)
rPois  .         Spirit   .     (helmet restricted)
rElec  .         Dismiss  .     (no cloak)
rCorr  .         Reflect  .     (no gloves)
SustAt .         Harm     .     (no boots)
MR     .....                    (no amulet)
Stlth  +.........               (no ring)
                                (no ring)

@: not resistant to hostile enchantments, very unstealthy
A: retaliatory headbutt, horns 2
a: Berserk, Trog's Hand, Burn Spellbooks, Renounce Religion


You were on level 3 of the Dungeon.
You worshipped Trog.
Trog was most pleased with you.
You were near starving.

You visited 1 branch of the dungeon, and saw 3 of its levels.

You collected 104 gold pieces.

Inventory:

Hand Weapons
 a - a +0 hand axe (weapon)
Armour
 b - a +0 animal skin (worn)
Jewellery
 j - an uncursed amulet of harm {unknown}
Scrolls
 f - 2 scrolls of recharging {unknown}
 h - a scroll of fear {unknown}
 k - 2 scrolls of magic mapping {unknown}
 m - a scroll of teleportation {unknown}
 n - a scroll of noise {unknown}
 o - a scroll of identify {unknown}
Potions
 d - a potion of magic {unknown}
 e - a potion of cancellation {unknown}
 g - a potion of resistance {unknown}
 l - a potion of curing {unknown}
 p - a potion of flight {unknown}
Comestibles
 c - 2 bread rations
 i - a meat ration


   Skills:
 - Level 3.6 Fighting
 + Level 6.5 Axes
 - Level 2.4 Armour
 - Level 2.1 Dodging


You had 3 spell levels left.
You didn't know any spells.

Dungeon Overview and Level Annotations

Branches:
Dungeon (3/15)

Altars:
Qazlal


Innate Abilities, Weirdness & Mutations

You reflexively headbutt those who attack you in melee.
You have a pair of horns on your head.


Message History

You are too injured to fight recklessly!
There are monsters nearby!
You are too injured to fight recklessly!
You hit the gnoll but do no damage. x2
The gnoll is heavily wounded.
You closely miss the gnoll. You hit the gnoll.
The gnoll is heavily wounded.
The gnoll misses you. x2; The gnoll barely misses you.
You furiously retaliate!
You headbutt the gnoll. The gnoll hits you with a flail.
* * * LOW HITPOINT WARNING * * *
You hit the gnoll. Your headbutt misses the gnoll.
The gnoll is almost dead.
You hit the gnoll but do no damage.
The gnoll is moderately wounded.
You hit the gnoll.
The gnoll is heavily wounded.
You barely miss the gnoll. The gnoll barely misses you. The gnoll hits you!
* * * LOW HITPOINT WARNING * * *
The gnoll hits you with a whip!
You die...

#########. ..........
#......... #.........
###........§ #>.ggg...≈§§
#.#.@g...≈#≈ ^..
######.#......≈^##.(≈##§§
#.................≈.≈.§§§§
##.###.........§§.._......
#........§§§^≈.≈≈(^.#
#........§§§.^.≈.^§.#
#.#.......###^.(^##.#
###........^#.^≈.≈.^#^#
#.........##.≈.≈.≈..≈.#


You could see 4 gnolls.

Vanquished Creatures
  Robin (D:2)
  An adder (D:3)
  3 worms (D:2)
  5 giant geckos
  9 bats
  2 giant cockroaches
  13 goblins
  9 hobgoblins
  3 jackals
  3 quokkas
  2 ball pythons
  4 giant newts
  7 kobolds
  8 rats
70 creatures vanquished.

Notes
Turn   | Place    | Note
--------------------------------------------------------------
     0 | D:1      | Grimpse the Minotaur Berserker began the quest for the Orb.
     0 | D:1      | Reached XP level 1. HP: 19/19 MP: 0/0
    48 | D:1      | Reached skill level 4 in Axes
   315 | D:1      | Reached XP level 2. HP: 26/26 MP: 1/1
   601 | D:1      | Reached skill level 5 in Axes
   624 | D:1      | Reached ** piety under Trog
   637 | D:1      | Reached XP level 3. HP: 26/31 MP: 2/2
  1176 | D:2      | Found a faded altar to an unknown god.
  1237 | D:2      | Noticed Robin
  1250 | D:2      | Killed Robin
  1250 | D:2      | Reached *** piety under Trog
  1250 | D:2      | Reached skill level 6 in Axes
  1250 | D:2      | Reached XP level 4. HP: 15/39 MP: 3/3
  2033 | D:3      | Found a stormy altar of Qazlal.
  2081 | D:3      | HP: 1/39 [gnoll (7)]
  2081 | D:3      | Mangled by a gnoll

Vault maps used:
D:1:      saegor_arrival_simple_c, minivault_14
D:2:      kennysheep_six_static_rooms, ecumenical_altar_1, minmay_crystal_water,
          uniq_robin
D:3:      grunt_qazlal_sundering, fiery_altar_vehumet, first_bread,
          feat_on_display

Action                   |  1- 3 |  4- 6 || total
-------------------------+-------+-------++-------
Melee: Hand axe          |   111 |    42 ||   153
 Stab: Distracted        |     1 |       ||     1
  Eat: Chunk             |       |     2 ||     2
